 Dungeon Crawl Stone Soup version 0.29-a0-323-g050149af67 (webtiles) character file.

Game seed: 472828873610792900

1161 greenreed the Insei (level 8, -7/60 HPs)
             Began as a Gnoll Transmuter on Apr 10, 2022.
             Mangled by Grinder (9 damage)
             ... on level 6 of the Dungeon.
             The game lasted 00:20:19 (6400 turns).

greenreed the Insei (Gnoll Transmuter)              Turns: 6400, Time: 00:20:20

Health: -7/60      AC:  2    Str: 11    XL:     8   Next: 39%
Magic:  13/17      EV: 15    Int: 20    God:
Gold:   307        SH:  0    Dex: 18    Spells: 8/19 levels left

rFire   . . .      SeeInvis .   f - +1 short sword (holy)
rCold   . . .      Faith    .   (no shield)
rNeg    . . .      Spirit   .   a - +0 robe
rPois   .          Reflect  .   (helmet currently unavailable)
rElec   .          Harm     .   (no cloak)
rCorr   .          Rampage  .   (no gloves)
Will    .....                   (boots currently unavailable)
Stlth   +++.......              (no amulet)
HPRegen 0.20/turn               r - +6 ring of dexterity
MPRegen 0.15/turn               c - +6 ring of intelligence

@: about to teleport, appendages, wereblooded, on blink cooldown
A: horns 2, talons 2, fangs 1, strong nose, distributed training
a: End Transformation


You were on level 6 of the Dungeon.
You had temporarily grown beastly horns and talons.
You visited 2 branches of the dungeon, and saw 7 of its levels.

You collected 307 gold pieces.

Inventory:

Hand Weapons
 f - a +1 short sword of holy wrath (weapon)
 m - a +0 mace of protection
Armour
 a - a +0 robe (worn)
 p - a +0 helmet (melded)
 w - a +2 ring mail of cold resistance
Jewellery
 c - a +6 ring of intelligence (right hand)
 g - a ring of ice
 r - a +6 ring of dexterity (left hand)
Scrolls
 i - 5 scrolls of teleportation
 k - 2 scrolls of amnesia
 l - a scroll of acquirement {unknown}
 n - 2 scrolls of blinking {unknown}
 s - 2 scrolls of noise {unknown}
 t - a scroll of magic mapping {unknown}
 u - a scroll of fog {unknown}
 v - a scroll of silence {unknown}
Potions
 b - 3 potions of lignification
 d - 2 potions of heal wounds {unknown}
 e - a potion of ambrosia {unknown}
 h - a potion of attraction {unknown}
 j - a potion of might
 o - a potion of berserk rage {unknown}
 q - 2 potions of curing {unknown}


   Skills:
 + Level 4.2 Fighting
 + Level 3.2 Short Blades
 + Level 3.2 Long Blades
 + Level 3.2 Axes
 + Level 3.2 Maces & Flails
 + Level 3.2 Polearms
 + Level 3.2 Staves
 + Level 3.2 Slings
 + Level 3.2 Bows
 + Level 3.2 Crossbows
 + Level 3.2 Throwing
 + Level 3.2 Armour
 + Level 5.6 Dodging
 + Level 3.2 Stealth
 + Level 3.2 Shields
 + Level 7.3 Unarmed Combat
 + Level 6.0 Spellcasting
 + Level 2.6 Conjurations
 + Level 2.6 Hexes
 + Level 2.6 Summonings
 + Level 2.6 Necromancy
 + Level 2.6 Translocations
 + Level 4.6 Transmutations
 + Level 2.6 Fire Magic
 + Level 2.6 Ice Magic
 + Level 2.6 Air Magic
 + Level 2.6 Earth Magic
 + Level 2.6 Poison Magic
 + Level 3.5 Invocations
 + Level 3.2 Evocations


You had 8 spell levels left.
You knew the following spells:

 Your Spells              Type           Power      Damage    Failure   Level
a - Beastly Appendage     Tmut           48%        N/A       1%          1
b - Wereblood             Tmut           24%        N/A       2%          2
c - Passwall              Tmut/Erth      16%        N/A       3%          2
d - Summon Small Mammal   Summ           64%        N/A       3%          1
e - Spider Form           Tmut/Pois      20%        N/A       7%          3
f - Blink                 Tloc           32%        N/A       5%          2

Your spell library contained the following spells:

 Spells                   Type           Power      Damage    Failure   Level
 Ensorcelled Hibernation  Hex/Ice        32%        N/A       5%          2
 Call Canine Familiar     Summ           16%        N/A       11%         3
 Summon Guardian Golem    Hex/Summ       16%        N/A       11%         3
 Swiftness                Air            16%        N/A       11%         3
 Ice Form                 Ice/Tmut       20%        N/A       22%         4
 Manifold Assault         Tloc           16%        N/A       69%         5
 Storm Form               Tmut/Air       10%        N/A       100%        7


Dungeon Overview and Level Annotations

Branches:
Dungeon (6/15)             Temple (1/1) D:5

Altars:
Cheibriados
Dithmenos
Elyvilon
Fedhas
Hepliaklqana
Makhleb
Nemelex Xobeh
Okawaru
Qazlal
Ru
Sif Muna
Trog
Uskayaw
Vehumet
Wu Jian
Xom
Yredelemnul
Zin
The Shining One

Shops:
D:2 :

Annotations:
D:4 Sigmund
D:6 Grinder


Innate Abilities, Weirdness & Mutations

You have temporarily grown beastly horns and talons.
You have very sharp teeth.
Your uncanny sense of smell can sniff out nearby items.
Your experience applies equally to all skills.


Message History

You hit the vampire mosquito.
The vampire mosquito convulses.
The vampire mosquito is moderately damaged.
The vampire mosquito misses you.
You miss the vampire mosquito.
Your headbutt misses the vampire mosquito.
The vampire mosquito completely misses you.
Grinder comes into view.
Grinder shouts!
You hit the vampire mosquito but do no damage.
Your bite misses the vampire mosquito. The vampire mosquito bites you.
The vampire mosquito draws strength from your injuries!
The vampire mosquito bites you.
The vampire mosquito draws strength from your injuries!
You closely miss the vampire mosquito.
You claw the vampire mosquito, but do no damage.
The vampire mosquito bites you.
The vampire mosquito draws strength from your injuries!
The vampire mosquito bites you but does no damage.
You hit the vampire mosquito.
The vampire mosquito convulses.
The vampire mosquito is moderately damaged.
The vampire mosquito bites you!
* * * LOW HITPOINT WARNING * * *
The vampire mosquito draws strength from your injuries!
The vampire mosquito bites you!
* * * LOW HITPOINT WARNING * * *
The vampire mosquito draws strength from your injuries!
Casting: Wereblood (safe; 2% risk of failure)
Confirm with . or Enter, or press ? or * to list all spells.
You blink.
Found a white potion.
Grinder closely misses you. The vampire mosquito bites you!
* * * LOW HITPOINT WARNING * * *
The vampire mosquito draws strength from your injuries!
Casting: Blink (safe; 5% risk of failure)
Confirm with . or Enter, or press ? or * to list all spells.
You are still too unstable to blink.
As you read the scroll of teleportation, it crumbles to dust.
You feel strangely unstable.
The vampire mosquito closely misses you.
The adder barely misses you. Grinder hits you!
You die...

.## #####.# ####
.###..<#.# #...
?.........# #..# #
##.##.#..§# #..#
.. #.#..#.##..##
#...
....###y#.y.#.....
.....##
#y5S....... ∆
#.### #y@.# #.
#...........#
#..##........# ##
......!..8
########... ∆ ..


8 You could see Grinder, 4 vampire mosquitoes and an adder.

Vanquished Creatures
  Prince Ribbit (D:5)
  3 black bears
  A centaur (D:5)
  A phantom (D:4)
  A necrophage (D:4)
  2 scorpions (D:5)
  A hound (D:4)
  Jessica (D:3)
  Terence (D:2)
  4 iguanas
  Robin (D:2)
  6 adders
  3 worms
  A dart slug (D:1)
  14 orcs
  10 ball pythons
  2 bats
  7 endoplasms
  A giant cockroach (D:4)
  12 goblins
  10 hobgoblins
  6 jackals
  5 kobolds
  2 quokkas (D:2)
  3 frilled lizards
  4 rats
103 creatures vanquished.

Notes
Turn   | Place    | Note
-------+----------+-------------------------------------------
     0 | D:1      | greenreed the Gnoll Transmuter began the quest for the Orb.
     0 | D:1      | Reached XP level 1. HP: 17/17 MP: 6/6
    50 | D:1      | Reached XP level 2. HP: 19/23 MP: 7/7
    58 | D:1      | Learned a level 2 spell: Wereblood
   313 | D:1      | Reached XP level 3. HP: 14/28 MP: 9/9
   516 | D:1      | Reached skill level 5 in Spellcasting
   716 | D:1      | Found a faded altar of an unknown god.
   849 | D:2      | Found Miniaw's Book Emporium.
   926 | D:2      | Reached skill level 1 in Invocations
  1130 | D:2      | Reached skill level 1 in Short Blades
  1130 | D:2      | Reached skill level 1 in Long Blades
  1130 | D:2      | Reached skill level 1 in Axes
  1130 | D:2      | Reached skill level 1 in Maces & Flails
  1130 | D:2      | Reached skill level 1 in Polearms
  1130 | D:2      | Reached skill level 1 in Staves
  1130 | D:2      | Reached skill level 1 in Slings
  1130 | D:2      | Reached skill level 1 in Bows
  1130 | D:2      | Reached skill level 1 in Crossbows
  1130 | D:2      | Reached skill level 1 in Throwing
  1130 | D:2      | Reached skill level 1 in Armour
  1130 | D:2      | Reached skill level 1 in Stealth
  1130 | D:2      | Reached skill level 1 in Shields
  1130 | D:2      | Reached skill level 1 in Evocations
  1283 | D:2      | Noticed Terence
  1294 | D:2      | Reached XP level 4. HP: 34/34 MP: 7/11
  1305 | D:2      | Killed Terence
  1306 | D:2      | Reached skill level 1 in Conjurations
  1306 | D:2      | Reached skill level 1 in Hexes
  1306 | D:2      | Reached skill level 1 in Summonings
  1306 | D:2      | Reached skill level 1 in Necromancy
  1306 | D:2      | Reached skill level 1 in Translocations
  1306 | D:2      | Reached skill level 1 in Fire Magic
  1306 | D:2      | Reached skill level 1 in Ice Magic
  1306 | D:2      | Reached skill level 1 in Air Magic
  1306 | D:2      | Reached skill level 1 in Earth Magic
  1306 | D:2      | Reached skill level 1 in Poison Magic
  1380 | D:2      | Learned a level 2 spell: Passwall
  1475 | D:2      | Noticed Robin
  1493 | D:2      | Killed Robin
  1494 | D:2      | Reached XP level 5. HP: 40/40 MP: 10/12
  2011 | D:3      | Noticed Jessica
  2022 | D:3      | Killed Jessica
  2706 | D:4      | Noticed a phantom
  2752 | D:4      | Killed a phantom
  2753 | D:4      | Reached XP level 6. HP: 29/47 MP: 13/13
  2916 | D:4      | Found a snail-covered altar of Cheibriados.
  3056 | D:4      | Noticed Sigmund
  3317 | D:4      | Reached skill level 5 in Dodging
  3707 | D:4      | Noticed a black bear
  3720 | D:4      | Learned a level 1 spell: Summon Small Mammal
  3724 | D:4      | Learned a level 3 spell: Spider Form
  3739 | D:4      | Killed a black bear
  3740 | D:4      | Reached XP level 7. HP: 40/52 MP: 12/15
  4129 | D:5      | Entered Level 5 of the Dungeon
  4144 | D:5      | Reached skill level 7 in Unarmed Combat
  4190 | D:5      | Noticed Prince Ribbit
  4218 | D:5      | Killed Prince Ribbit
  4641 | D:5      | Learned a level 2 spell: Blink
  4951 | D:5      | Reached XP level 8. HP: 46/60 MP: 11/16
  5946 | D:5      | Found a staircase to the Ecumenical Temple.
  6138 | Temple   | Entered the Ecumenical Temple
  6395 | D:6      | Noticed Grinder
  6399 | D:6      | HP: 1/60 [vampire mosquito (8)]
  6400 | D:6      | Mangled by Grinder

Illustrated notes

Levels and vault maps discovered:
D:1:      lemuel_arrival_funnel, layout_rooms, ebering_ecumenical_altar_webs,
          nicolae_concentric_dashed_squares_wild, hangedman_abyss_or_decor_stabs
D:2:      layout_rooms, serial_shops, shop, st_stairs_11,
          nicolae_figureground_pulse, uniq_terence, uniq_robin
D:3:      layout_basic, uniq_jessica
D:4:      layout_cave_pools, chei_slow_surprise, serial_co_window_serial,
          co_window_corner_a, co_window_paths_a, co_window_paths_a,
          co_window_paths_a, co_window_corner_a, co_window_paths_a,
          co_window_corner_a, co_window_of_opportunity_b, co_window_broadway_a,
          co_window_broadway_c, co_window_sun, glass_columns_b, glass_columns_c,
          glass_columns_c, glass_columns_b, glass_columns_c, st_stairs_13,
          uniq_sigmund
D:5:      nicolae_cairo_tiling_large_dashed, layout_basic,
          minmay_temple_entry_butterflies, bh_walls_and_bars,
          uniq_prince_ribbit1
D:6:      layout_loops_ring, minitemple, uniq_menkaure, uniq_grinder
Temple:   regret_index_temple_mists

Skill      XL: |  1  2  3  4  5  6  7  8 |
---------------+-------------------------+-----
Spellcasting   | 5 6 |  6.0
Invocations    | 1 2 3 |  3.5
Short Blades   | 1 2 3 |  3.2
Long Blades    | 1 2 3 |  3.2
Axes           | 1 2 3 |  3.2
Maces & Flails | 1 2 3 |  3.2
Polearms       | 1 2 3 |  3.2
Staves         | 1 2 3 |  3.2
Slings         | 1 2 3 |  3.2
Bows           | 1 2 3 |  3.2
Crossbows      | 1 2 3 |  3.2
Throwing       | 1 2 3 |  3.2
Armour         | 1 2 3 |  3.2
Stealth        | 1 2 3 |  3.2
Shields        | 1 2 3 |  3.2
Evocations     | 1 2 3 |  3.2
Conjurations   | 1 2 |  2.6
Hexes          | 1 2 |  2.6
Summonings     | 1 2 |  2.6
Necromancy     | 1 2 |  2.6
Translocations | 1 2 |  2.6
Fire Magic     | 1 2 |  2.6
Ice Magic      | 1 2 |  2.6
Air Magic      | 1 2 |  2.6
Earth Magic    | 1 2 |  2.6
Poison Magic   | 1 2 |  2.6
Fighting       | 3 4 |  4.2
Transmutations | 4 |  4.6
Dodging        | 5 |  5.6
Unarmed Combat | 7 |  7.3

Action                   |  1- 3 |  4- 6 |  7- 9 || total
-------------------------+-------+-------+-------++-------
Melee: Unarmed           |    25 |     4 |    38 ||    67
       Kick              |    12 |    24 |    16 ||    52
       Headbutt          |     7 |    13 |     8 ||    28
       Short sword       |    10 |       |     6 ||    16
       Punch             |     2 |     6 |     4 ||    12
       Mace              |    39 |   148 |    78 ||   265
       Bite              |     4 |    17 |    16 ||    37
 Cast: Beastly Appendage |    11 |    12 |     6 ||    29
       Wereblood         |     1 |     3 |     3 ||     7
       Spider Form       |       |     1 |     6 ||     7
       Summon Small Mamm |       |       |     1 ||     1
       Blink             |       |       |     1 ||     1
  Use: Scroll            |       |     3 |     1 ||     4
 Stab: Sleeping          |       |       |     5 ||     5
Armor: Robe              |    16 |    49 |    27 ||    92
       Skin              |       |     1 |     3 ||     4
Dodge: Dodged            |    47 |   142 |   135 ||   324

Table legend: (Time is in decaauts)
 A = Elapsed time spent in this place.
 B = Non-inter-level travel time spent in this place.
 C = Inter-level travel time spent in this place.
 D = Time resting spent in this place.
 E = Time spent auto-exploring this place.
 F = Levels seen in this place.
 G = Mean time per level.
                   A        B        C        D        E       F      G
               +--------+--------+--------+--------+--------+-----+--------+
         Total |   6528 |   6282 |    246 |    641 |   4494 |   7 |  932.6 |
       Dungeon |   6303 |   6057 |    246 |    641 |   4336 |   6 | 1050.5 |
        Temple |    224 |    224 |      0 |      0 |    158 |   1 |  224.0 |
               +--------+--------+--------+--------+--------+-----+--------+

Top non-repeatable levels by time:
     D:4: 2211 daAuts
     D:5: 1622 daAuts
     D:2: 903 daAuts
     D:1: 842 daAuts
     D:3: 711 daAuts
  Temple: 224 daAuts
     D:6: 12 daAuts
